 Dungeon Crawl Stone Soup version 0.18.1-47-g9310371 (webtiles) character file.

2762 Mesmaeker13 the Chopper (level 9, -2/69 HPs)
             Began as a Demonspawn Gladiator on June 22, 2016.
             Was a Follower of Makhleb.
             Killed by divine providence
             ... invoked by an orc priest
              (15 damage)
             ... on level 6 of the Dungeon.
             The game lasted 00:20:35 (5729 turns).

Mesmaeker13 the Chopper (Demonspawn Gladiator)      Turns: 5729, Time: 00:20:35

Health: -2/69      AC: 19    Str: 17    XL:     9   Next: 42%
Magic:  13/13      EV:  8    Int: 13    God:    Makhleb [*.....]
Gold:   372        SH:  0    Dex: 13    Spells: 0 memorised, 8 levels left

rFire  . . .     SeeInvis .     a - +2 war axe
rCold  . . .     Gourm    .     l - +0 chain mail
rNeg   . . .     Faith    .     (no shield)
rPois  +         Spirit   .     c - +0 helmet
rElec  .         Dismiss  .     (no cloak)
rCorr  .         Reflect  .     h - +1 pair of gloves
SustAt .         Harm     .     r - +0 pair of boots
MR     .....                    (no amulet)
Stlth  ..........               s - ring of poison resistance
                                o - +2 ring of intelligence

@: very slightly contaminated, not resistant to hostile enchantments, extremely
unstealthy
A: rough black scales 1, powered by death 1, rot immunity
a: Renounce Religion


You were on level 6 of the Dungeon.
You worshipped Makhleb.
Makhleb was aware of your devotion.
You were not hungry.

You visited 2 branches of the dungeon, and saw 8 of its levels.
You also visited: Sewer.

You collected 372 gold pieces.

Inventory:

Hand Weapons
 a - a +2 war axe (weapon)
 w - a +0 spear
 D - a +1 whip of flaming
Missiles
 d - 4 throwing nets (quivered)
 j - 7 needles of confusion
 y - 5 needles of sleeping
Armour
 c - a +0 helmet (worn)
 h - a +1 pair of gloves (worn)
 l - a +0 chain mail (worn)
 r - a +0 pair of boots (worn)
Magical Staves
 C - an uncursed staff of conjuration {unknown}
Jewellery
 o - a +2 ring of intelligence (left hand)
 s - a ring of poison resistance (right hand)
Wands
 B - a wand of digging (15/24)
Scrolls
 b - a scroll of immolation {unknown}
 g - a scroll of fear {unknown}
 i - a scroll of fog
 p - a scroll of holy word {unknown}
 u - 2 scrolls of remove curse
 x - a scroll of teleportation
 A - a scroll of recharging {unknown}
Potions
 n - 4 potions of flight
 v - a potion of lignification {unknown}
 E - a potion of agility
 F - a potion of brilliance
Comestibles
 f - 4 bread rations
 k - a slice of pizza
 m - 3 fruits
 q - a meat ration
 t - 2 beef jerkies
 z - a royal jelly


   Skills:
 + Level 6.2 Fighting
 + Level 7.3 Axes
 - Level 1.7 Throwing
 + Level 6.5 Armour
 - Level 2.6 Dodging
 - Level 6.4 Invocations


You had 8 spell levels left.
You didn't know any spells.

Dungeon Overview and Level Annotations

Branches:
Dungeon (7/15)             Temple (1/1) D:5

Altars:
Cheibriados
Dithmenos
Elyvilon
Fedhas
Gozag
Makhleb
Nemelex Xobeh
Okawaru
Qazlal
Sif Muna
Vehumet
Xom
Zin
The Shining One

Shops:
D:6 *


Innate Abilities, Weirdness & Mutations

You are partially covered in rough black scales (AC +4, Dex -1).
You regenerate a little health from kills.
You are immune to rotting.


Message History

You hit the orc priest.
The orc priest is lightly wounded.
You hit the orc warrior.
The orc warrior is lightly wounded.
The orc priest hits you but does no damage.
The orc priest calls down the wrath of Beogh upon you.
Beogh smites you!
* * * LOW HITPOINT WARNING * * *
The orc warrior hits you with a flail!
* * * LOW HITPOINT WARNING * * *
Read which item? (? for menu, Esc to quit)
Blink to where?
Press: ? - help, Dir - move target cursor You are very lightly contaminated with residual magic.
As you read the scroll of blinking, it crumbles to dust.
You feel less regenerative.
There is an open door here.
The orc priest mumbles some strange prayers to Beogh against you.
Beogh smites you!
You die...

....#.....'...#.........#...#....
....#.....#o..#..(......#...#....
....#.....#...#.........#...###..
'##'#.....###'#........(#.....#..
........................#.....#..
...............##########.....#..
...............'..............#..
...............#..............#..
...............#@.............+..
...............#.......##'#####..
...............#########......##+
.....#####[...................#..
.....'...#....................+..
.....#...#....................#..
.).).#...#..................).##'
.....#...#..............#'###))..
.....#...#...[..#########...#....


You could see an orc priest.

Vanquished Creatures
  The ghost of TBriggs11TB the Cleaver, a novice HuFi of the Shining One (D:6)
  Pikel (D:6)
  Sigmund (D:3)
  Menkaure (D:5)
  An ice beast (D:5)
  A sky beast (D:6)
  An ogre (D:4)
  A necrophage (D:6)
  A phantom (D:4)
  2 slaves (D:6)
  A giant frog (D:6)
  The ghost of TBriggs11TB the Skirmisher, a weakling MiBe of Trog (D:3)
  2 howler monkeys
  3 crimson imps
  3 hounds
  4 orc wizards
  A centaur skeleton (D:6)
  3 orc priests
  Ijyb (D:3)
  Terence (D:2)
  A siren (Sewer)
  2 worker ants
  A merfolk avatar (Sewer)
  11 adders
  6 river rats
  A shadow imp (D:6)
  4 worms
  6 giant geckos
  23 orcs
  10 giant cockroaches
  5 goblins
  2 hobgoblins
  4 jackals (D:1)
  9 kobolds
  4 quokkas
  6 ball pythons
  9 bats
  15 giant newts
  28 rats
178 creatures vanquished.

Vanquished Creatures (others)
  An orc wizard (D:6)
  An orc (D:6)
2 creatures vanquished.

Grand Total: 180 creatures vanquished

Notes
Turn   | Place    | Note
--------------------------------------------------------------
     0 | D:1      | Mesmaeker13 the Demonspawn Gladiator began the quest for the Orb.
     0 | D:1      | Reached XP level 1. HP: 16/16 MP: 1/1
   188 | D:1      | Gained mutation: You regenerate a little health from kills. [demonic ancestry]
   188 | D:1      | Reached XP level 2. HP: 19/23 MP: 2/2
   198 | D:1      | Reached skill level 3 in Axes
   771 | D:2      | Gained mutation: You are partially covered in rough black scales (AC +4, Dex -1). [demonic ancestry]
   771 | D:2      | Reached XP level 3. HP: 20/29 MP: 3/3
   811 | D:2      | Found a stormy altar of Qazlal.
   884 | D:2      | Found a faded altar to an unknown god.
   980 | D:2      | Reached skill level 1 in Armour
  1030 | D:2      | Noticed Terence
  1045 | D:2      | Killed Terence
  1045 | D:2      | Gained mutation: You are immune to rotting. [demonic ancestry]
  1045 | D:2      | Reached XP level 4. HP: 34/35 MP: 4/4
  1726 | D:3      | Noticed Ijyb
  1737 | D:3      | Killed Ijyb
  1737 | D:3      | Reached XP level 5. HP: 42/42 MP: 5/5
  1769 | D:3      | Noticed TBriggs11TB's ghost (weakling MiBe)
  1802 | D:3      | Killed TBriggs11TB's ghost
  1802 | D:3      | Reached skill level 4 in Axes
  2117 | D:3      | Noticed Sigmund
  2139 | D:3      | Killed Sigmund
  2139 | D:3      | Reached XP level 6. HP: 20/49 MP: 6/6
  2573 | D:4      | Reached skill level 5 in Fighting
  2632 | D:4      | Reached XP level 7. HP: 51/56 MP: 7/7
  3028 | D:4      | Reached skill level 5 in Axes
  3058 | D:4      | Found a glowing drain.
  3067 | Sewer    | Entered a sewer
  3812 | D:5      | Entered Level 5 of the Dungeon
  3938 | D:5      | Found a staircase to the Ecumenical Temple.
  3954 | Temple   | Entered the Ecumenical Temple
  4039 | Temple   | Became a worshipper of Makhleb the Destroyer
  4089 | D:5      | Noticed Menkaure
  4101 | D:5      | Killed Menkaure
  4101 | D:5      | Reached XP level 8. HP: 45/64 MP: 8/8
  4274 | D:5      | Reached skill level 1 in Invocations
  4944 | D:6      | Reached * piety under Makhleb
  4944 | D:6      | Reached skill level 6 in Axes
  5021 | D:6      | Found Kyvoshen's Assorted Antiques.
  5063 | D:6      | Reached skill level 5 in Armour
  5109 | D:6      | Noticed TBriggs11TB's ghost (novice HuFi)
  5170 | D:6      | Killed TBriggs11TB's ghost
  5170 | D:6      | Reached skill level 5 in Invocations
  5170 | D:6      | Reached XP level 9. HP: 17/69 MP: 10/12
  5272 | D:6      | Noticed Pikel
  5302 | D:6      | Killed Pikel
  5302 | D:6      | Reached skill level 7 in Axes
  5507 | D:6      | Found an opulent altar of Gozag.
  5729 | D:6      | Killed from afar by an orc priest

Skill      XL: |  1  2  3  4  5  6  7  8  9 |
---------------+----------------------------+-----
Axes           | 3 4 5 6 7 |  7.3
Fighting       | 3 4 5 6 |  6.2
Armour         | 1 3 4 5 6 |  6.5
Invocations    | 5 6 |  6.4
Throwing       | |  1.7
Dodging        | |  2.6

Action                   |  1- 3 |  4- 6 |  7- 9 || total
-------------------------+-------+-------+-------++-------
Melee: War axe           |   133 |   184 |   411 ||   728
Throw: Throwing net      |       |     1 |       ||     1
  Use: Potion            |     2 |     2 |     4 ||     8
       Scroll            |     1 |     6 |     5 ||    12
  Eat: Chunk             |     1 |     5 |    11 ||    17
Armor: Scale mail        |    72 |   103 |   143 ||   318
       Chain mail        |       |       |   136 ||   136
Dodge: Dodged            |   100 |   125 |   184 ||   409
